 Seeded DCSS version 0.29.1-12-g30fa7ad0bf (webtiles) character file.

Game seed: 9845822215292249863 (custom seed)

35 hikkokomori the Conjurer (level 3, 21/21 HPs)
             Began as an Octopode Conjurer on Jan 6, 2023.
             Got out of the dungeon alive.
             The game lasted 00:02:30 (1253 turns).

hikkokomori the Conjurer (Octopode Conjurer)        Turns: 1253, Time: 00:02:31

Health: 21/21      AC:  1    Str:  6    XL:     3   Next: 33%
Magic:  6/6        EV: 13    Int: 27    God:
Gold:   31         SH:  0    Dex: 10    Spells: 5/6 levels left

rFire   + . .      SeeInvis .   (no weapon)
rCold   . . .      Faith    .   (no shield)
rNeg    . . .      Spirit   .   d - +0 hat of Tisesmag {Int+3}
rPois   .          Reflect  .   (no amulet)
rElec   .          Harm     .   j - ring of Kejir {rF+ Int+2}
rCorr   .          Rampage  .   i - ring of willpower
Will    +....                   (no ring)
Stlth   +++.......              (no ring)
HPRegen 0.07/turn               (no ring)
MPRegen 0.10/turn               (no ring)
                                (no ring)
                                (no ring)

@: no status effects
A: almost no armour, amphibious, 8 rings, camouflage 1, gelatinous body 1,
(nimble swimmer 1), tentacles
a: no special abilities


You escaped.
You visited 1 branch of the dungeon, and saw 1 of its levels.

You collected 31 gold pieces.

Inventory:

Armour
 d - the +0 hat of Tisesmag (worn) {Int+3}
   (You acquired it on level 1 of the Dungeon)

   Int:       It affects your intelligence (+3).
Jewellery
 h - an amulet of the acrobat
 i - a ring of willpower (right tentacle)
 j - the ring of Kejir (left tentacle) {rF+ Int+2}
   (You acquired it on level 1 of the Dungeon)

   [ring of protection from fire]

   Int:       It affects your intelligence (+2).
   rF:        It protects you from fire.
Scrolls
 b - a scroll of teleportation {unknown}
 c - a scroll of identify {unknown}
 g - a scroll of amnesia {unknown}
Potions
 a - 2 potions of magic
 e - a potion of heal wounds {unknown}
 f - a potion of curing {unknown}


   Skills:
 + Level 2.5 Dodging
 + Level 3.5 Stealth
 + Level 2.4 Spellcasting
 + Level 4.2 Conjurations


You had 5 spell levels left.
You knew the following spells:

 Your Spells              Type           Power      Damage    Failure   Level
a - Magic Dart            Conj           100%       1d8       1%          1

Your spell library contained the following spells:

 Spells                   Type           Power      Damage    Failure   Level
 Searing Ray              Conj           52%        2d6       2%          2
 Shock                    Conj/Air       56%        1d6       4%          1
 Dazzling Flash           Conj/Hex       28%        N/A       12%         3
 Fulminant Prism          Conj/Hex       7%         3d7       36%         4
 Hailstorm                Conj/Ice       14%        3d5       36%         4
 Iskenderun's Mystic Bla  Conj/Tloc      14%        2d5       36%         4
 Yara's Violent Unravell  Hex/Tmut       1%         3d3       95%         5
 Iron Shot                Conj/Erth      7%         9d2       99%         6
 Statue Form              Tmut/Erth      2%         N/A       100%        6
 Dragon Form              Tmut           1%         N/A       100%        7


Dungeon Overview and Level Annotations

Branches:
Dungeon (1/15)

Altars:


Innate Abilities, Weirdness & Mutations

You cannot wear most types of armour.
You are amphibious.
You can wear up to eight rings at the same time.
Your skin changes colour to match your surroundings (Stealth+).
Your rubbery body absorbs attacks. (AC +1, EV +1)
((You are camouflaged when in or above water. (Stealth+)))
You have tentacles for arms and can constrict up to eight enemies at once.


Message History

You can't see any susceptible monsters within range! (Use Z to cast anyway.) Done exploring.
Done exploring.
You can't see any susceptible monsters within range! (Use Z to cast anyway.)
You can't see any susceptible monsters within range! (Use Z to cast anyway.) Done exploring.
Key pressed, stopping explore.
You can't see any susceptible monsters within range! (Use Z to cast anyway.)
You can't see any susceptible monsters within range! (Use Z to cast anyway.) Unknown command.
This is a scroll of acquirement!
Something appears before you! Something appears before you!
You see here Bawal's Omnibus of Reformed Striking.
Something appears before you!
d - the +0 hat of Tisesmag {Int+3};
j - the ring of Kejir {rF+ Int+2} You pick up Bawal's Omnibus of Reformed Striking and begin reading...
You add the spells Shock, Hailstorm, Yara's Violent Unravelling, Iron Shot, Statue Form and Dragon Form to your library.
Save game and exit?
Welcome back, hikkokomori the Octopode Conjurer.
Game seed: 9845822215292249863 (custom seed) Press ? for a list of commands and other information.
You feel clever.
j - the ring of Kejir (left tentacle) {rF+ Int+2}
i - a ring of willpower (right tentacle)
You start putting on your armour.
You continue putting on the +0 hat of Tisesmag {Int+3}. x4
You finish putting on the +0 hat of Tisesmag {Int+3}.
You feel clever.
Done exploring.
There is a stone staircase leading down here.
Okay, then.
There is an open door here.
There is an open door here.
Things that are here:
2 stones; a +0 whip
There is a staircase leading out of the dungeon here.
You can't go down here!
Are you sure you want to leave the Dungeon?
This will make you lose the game!
You have escaped!

.# ##.###### #.....#
#..##### .# ##.# ###.###
##....# .#
##..############..####..##.#
##
#..........................#
#.P~~~~~~≈~P...P≈≈~≈~~~≈P..#
#.~~≈~~~~≈≈~...~≈≈~~~~≈~~..#
#.~≈≈~~~~≈≈~...~~≈~~~~≈≈~..#
#.P~~~~~≈≈~.....~~~~~≈~~P..#
#.........)..@............##
#.P~~≈~~~~~.....~~~~~~~≈P.#
#.~~≈~~~~~≈~...~~~~~~~≈≈≈.#
#.~~≈~~~~≈≈~...~~≈~~~)≈≈~.#
#.P~~~~~~~≈P...P~~~~~~~~P.#
#.........................#
#.####.###..#######..######
#.........................#
#######.#################.#


There were no monsters in sight!

Vanquished Creatures
  A gnoll (D:1)
  2 dart slugs (D:1)
  2 endoplasms (D:1)
  A giant cockroach (D:1)
  2 goblins (D:1)
  2 kobolds (D:1)
  A quokka (D:1)
  2 ball pythons (D:1)
  5 bats (D:1)
  A frilled lizard (D:1)
  A rat (D:1)
20 creatures vanquished.

Notes
Turn   | Place    | Note
-------+----------+-------------------------------------------
     0 | D:1      | hikkokomori the Octopode Conjurer began the quest for the
                  | Orb.
     0 | D:1      | Reached XP level 1. HP: 11/11 MP: 3/3
    94 | D:1      | Reached XP level 2. HP: 4/17 MP: 0/5
   714 | D:1      | Reached XP level 3. HP: 21/21 MP: 3/6
  1173 | D:1      | Identified 3 scrolls of acquirement
  1173 | D:1      | Acquired the ring of Kejir {rF+ Int+2}
  1174 | D:1      | Acquired the +0 hat of Tisesmag {Int+3}
  1175 | D:1      | Acquired Bawal's Omnibus of Reformed Striking
  1253 | D:$      | Got out of the dungeon alive.

Illustrated notes

Levels and vault maps discovered:
D:1:      giann_bridges, layout_basic

Skill      XL: |  1 |
---------------+----+-----
Stealth        | 3 |  3.5
Dodging        | |  2.5
Spellcasting   | |  2.4
Conjurations   | |  4.2

Action                   || total
-------------------------++-------
Melee: Unarmed           ||     5
       Tentacles         ||     2
       Constrict         ||     1
 Cast: Magic Dart        ||    35
  Use: Scroll            ||     3
Armor: Skin              ||     1
Dodge: Dodged            ||     5
